Map: Eternal Empire LE

Players

antagomiR

  • Race: Protoss Protoss
  • League: Gold
  • Spawn Location: 7:00

CookieMonsta - Winner!

  • Race: Zerg Zerg
  • League: Platinum
  • Spawn Location: 1:00

VOD

Have the link to the VOD?

Description

Time

  • Played on: April 8, 2020, 1:14 p.m.
  • Length: 13:54
Show
View Real Time Build Order
Export as new Build Order

antagomiR Protoss 

Build Orders: 1 Gate Expand 

Get SALT Encoding   

  12  0:01  Probe  
  13  0:13  Probe  
  14  0:19  Pylon  
  14  0:25  Probe  
  15  0:37  Gateway  
  15  0:40  Probe  
  16  0:53  Probe  
  17  0:59  Assimilator  
  17  1:05  Probe  
  18  1:20  Probe  
  19  1:26  Cybernetics Core  
  20  1:32  Probe  
  20  1:44  Nexus  
  20  1:49  Probe  
  21  2:01  Pylon  
  21  2:05  Warp Gate  
  21  2:10  Probe  
  22  2:22  Probe  
  23  2:32  Assimilator  
  23  2:34  Probe  
  24  2:38  Adept (Chrono Boost)  
  26  2:46  Probe  
  27  2:55  Gateway x2  
  27  2:57  Probe  
  28  2:58  Probe  
  29  3:07  Robotics Facility  
  29  3:10  Probe, Stalker (Chrono Boost)  
  29  3:11  Probe  
  33  3:22  Probe  
  33  3:26  Probe  
  34  3:34  Probe  
  35  3:38  Probe  
  36  3:46  Probe  
  37  3:50  Probe  
  38  3:56  Assimilator  
  38  3:58  Probe  
  38  3:59  Sentry  
  38  4:00  Pylon, Sentry  
  44  4:02  Probe  
  44  4:10  Probe  
  44  4:14  Probe  
  46  4:24  Probe  
  46  4:26  Observer  
  46  4:27  Probe  
  49  4:34  Stalker x2  
  49  4:36  Probe  
  54  4:48  Assimilator  
  54  4:57  Twilight Council  
  54  5:03  Shield Battery  
  54  5:11  Pylon  
  54  5:15  Phoenix  
  54  5:29  Probe x2, Observer  
  54  5:33  Charge (Chrono Boost)  
  57  5:41  Probe x2  
  59  5:46  Stalker  
  61  5:53  Probe  
  62  5:57  Pylon  
  62  6:00  Pylon  
  62  6:16  Probe x2, Immortal  
  68  6:28  Probe x2  
  70  6:35  Stargate x2  
  70  6:38  Stargate  
  70  6:40  Probe x2  
  72  6:48  Robotics Bay  
  72  6:52  Probe x2  
  74  7:04  Probe x2  
  76  7:09  Nexus  
  76  7:11  Pylon  
  76  7:14  Pylon  
  76  7:15  Forge x2  
  76  7:16  Probe x2  
  78  7:29  Probe  
  79  7:32  Shield Battery  
  79  7:38  Shield Battery  
  79  7:43  Probe x2  
  81  7:55  Probe x2  
  87  8:07  Probe x2  
  87  8:10  Void Ray  
  87  8:11  Void Ray  
  93  8:41  Probe  
  93  8:42  Probe x2  
  93  8:46  Photon Cannon  
  93  8:48  Photon Cannon  
  96  8:52  Photon Cannon, Void Ray  
  96  8:54  Probe x3, Void Ray  
  107  8:56  Gateway  
  107  8:57  Gateway  
  107  9:01  Gateway x2  
  107  9:02  Protoss Ground Weapons Level 1 (Chrono Boost)  
  107  9:04  Extended Thermal Lance (Chrono Boost), Protoss Ground Armor Level 1 (Chrono Boost)  
  107  9:15  Zealot  
  109  9:32  Assimilator  
  109  9:36  Assimilator  
  109  9:40  Pylon  
  109  9:41  Pylon  
  109  9:44  Pylon  
  109  9:54  Colossus (Chrono Boost)  
  109  9:58  Probe x2  
  109  9:59  Probe, Void Ray  
  122  10:01  Void Ray, Shield Battery  
  126  10:07  Zealot x3  
  126  10:10  Probe  
  133  10:17  Pylon  
  133  10:22  Pylon  
  133  10:25  Pylon x2  
  134  10:35  Probe  
  134  10:39  Probe x2  
  134  10:41  Colossus  
  134  10:42  Void Ray  
  146  10:44  Void Ray  
  146  10:47  Probe  
  151  10:55  Robotics Facility  
  151  11:04  Zealot x3  
  151  11:05  Zealot x2  
  151  11:06  Zealot x2  
  165  11:24  Pylon  
  165  11:27  Pylon  
  165  11:31  Pylon  
  165  11:34  Pylon  
  165  11:37  Pylon  
  165  11:39  Pylon  
  165  11:42  Probe x3, Pylon, Immortal  
  172  11:51  Void Ray x2  
  179  12:21  Immortal  
  183  12:25  Immortal  
  187  12:33  Void Ray  
  187  12:34  Void Ray  
  141  13:01  Immortal, Zealot x5  
  141  13:02  Zealot x2  
  160  13:33  Photon Cannon  
  148  13:36  Photon Cannon  
  148  13:39  Photon Cannon  
Show
View Real Time Build Order
Export as new Build Order

CookieMonsta Zerg - Winner!

Build Orders: Pool First, Roach Hydra 

Get SALT Encoding   

  12  0:05  Drone  
  13  0:24  Overlord  
  13  0:25  Drone  
  13  0:26  Overlord  
  15  1:11  Drone x3  
  17  1:20  Spawning Pool  
  17  1:21  Hatchery  
  17  1:24  Drone  
  16  1:48  Drone x2  
  18  2:04  Drone  
  18  2:06  Hatchery  
  18  2:10  Drone  
  18  2:12  Queen  
  21  2:37  Drone  
  21  2:38  Drone x3, Queen  
  21  2:42  Extractor  
  21  2:43  Extractor  
  25  2:44  Drone  
  25  2:50  Zergling x2  
  27  2:52  Queen  
  27  2:57  Drone  
  30  2:59  Drone  
  31  3:10  Drone x2  
  33  3:16  Queen  
  35  3:20  Queen  
  35  3:26  Metabolic Boost  
  37  3:33  Drone  
  38  3:34  Drone  
  38  3:35  Drone  
  38  3:39  Overlord  
  40  3:53  Drone x2  
  40  3:54  Overlord  
  42  3:55  Overlord  
  42  4:10  Overlord  
  42  4:11  Overlord  
  42  4:13  Zergling x6  
  45  4:19  Roach Warren  
  45  4:23  Pneumatized Carapace  
  44  4:32  Zergling x2  
  44  4:33  Zergling x6  
  48  4:44  Drone x5  
  48  4:45  Drone  
  54  4:51  Lair  
  54  4:57  Drone x2  
  56  5:04  Drone x4  
  60  5:07  Drone  
  60  5:09  Drone  
  60  5:12  Overlord  
  62  5:15  Overlord  
  62  5:22  Overlord  
  62  5:24  Overlord  
  62  5:26  Overlord  
  62  5:30  Extractor x2  
  62  5:33  Drone x3  
  62  5:34  Drone  
  64  5:47  Drone x9  
  73  5:52  Drone  
  73  5:57  Glial Reconstitution  
  74  6:02  Spore Crawler  
  74  6:03  Drone x3  
  76  6:11  Spore Crawler  
  75  6:13  Spore Crawler  
  75  6:15  Hydralisk Den  
  75  6:17  Drone x3  
  76  6:23  Evolution Chamber  
  76  6:24  Drone x3, Evolution Chamber  
  76  6:25  Evolution Chamber  
  76  6:28  Drone x4  
  80  6:44  Drone x2  
  80  6:45  Drone x5  
  87  6:47  Grooved Spines  
  87  6:55  Spore Crawler  
  86  7:26  Roach  
  86  7:27  Roach x5  
  86  7:28  Overlord  
  86  7:29  Overlord x11  
  98  7:36  Lurker Den  
  97  7:44  Extractor, Infestation Pit  
  96  7:45  Extractor  
  94  7:54  Extractor  
  94  7:55  Hatchery  
  92  7:58  Muscular Augments  
  92  7:59  Extractor  
  92  8:04  Drone x15  
  106  8:14  Roach  
  106  8:16  Zerg Ground Armor Level 1, Zerg Missile Weapons Level 1  
  106  8:17  Zerg Melee Weapons Level 1  
  107  8:32  Roach  
  107  8:33  Roach x5  
  116  8:38  Hatchery  
  112  8:42  Hatchery, Hive  
  112  8:44  Hatchery  
  110  8:53  Spore Crawler  
  110  8:54  Roach  
  110  8:55  Roach x7  
  125  9:05  Roach x2  
  129  9:29  Hydralisk x13  
  155  9:39  Spire  
  155  9:40  Spire  
  155  9:42  Spire  
  152  9:50  Drone x12  
  164  10:12  Roach x9  
  164  10:13  Roach x6  
  194  10:14  Overlord  
  194  10:21  Adaptive Talons  
  194  10:26  Adrenal Glands  
  194  10:29  Zerg Missile Weapons Level 2  
  194  10:32  Zerg Ground Armor Level 2  
  194  10:35  Zerg Melee Weapons Level 2  
  194  10:38  Burrow, Tunneling Claws  
  194  11:12  Drone  
  194  11:18  Seismic Spines  
  195  11:19  Hatchery  
  195  11:21  Unknown  
  195  11:22  Zerg Flyer Weapons Level 1  
  195  11:23  Greater Spire, Zerg Flyer Armor Level 1  
  193  11:29  Ultralisk Cavern  
  193  11:32  Baneling Nest  
  191  11:33  Drone x9  
  200  11:59  Overlord  
  200  12:00  Overlord  
  200  12:01  Overlord  
  200  12:02  Overlord  
  200  12:17  Centrifical Hooks  
  200  12:20  Chitinous Plating  
  171  12:50  Hydralisk x8  
  171  12:51  Hydralisk x20  
  165  12:52  Hydralisk x2  
  193  13:02  Zergling x2  
  193  13:03  Zergling x36  
  193  13:04  Zergling x4  
  178  13:20  Zergling x2  
  178  13:21  Zergling x42  
  200  13:38  Hatchery  
  200  13:39  Extractor  
  198  13:42  Extractor  
Tags
 
Add a new tag
Caveats
  • Supply blocks, unpowered buildings, or Contaminate may cause inaccurate times.
  • Supply counts are checked every 10 seconds.